 Dungeon Crawl Stone Soup version 0.29.0-4-gdea44cf6ec (webtiles) character file.

Game seed: 10212054870656592972

42 Setbun the Digger (level 3, -5/19 HPs)
             Began as a Gargoyle Earth Elementalist on Aug 27, 2022.
             Slain by Sigmund
             ... wielding a +0 scythe
              (6 damage)
             ... on level 2 of the Dungeon.
             The game lasted 00:01:57 (1407 turns).

Setbun the Digger (Gargoyle Earth Elementalist)     Turns: 1407, Time: 00:01:58

Health: -5/19      AC:  5    Str: 11    XL:     3   Next: 54%
Magic:  2/6        EV:  7    Int: 17    God:
Gold:   35         SH:  9    Dex: 10    Spells: 5/6 levels left

rFire   . . .      SeeInvis +   (no weapon)
rCold   . . .      Faith    .   k - +0 tower shield
rNeg    + . .      Spirit   .   a - +0 robe
rPois   ∞          Reflect  .   (no helmet)
rElec   +          Harm     .   (no cloak)
rCorr   .          Rampage  .   (no gloves)
Will    .....                   (no boots)
Stlth   ++........              (no amulet)
HPRegen 0.06/turn               e - ring of see invisible
MPRegen 0.10/turn               (no ring)

@: very slightly contaminated
A: sickness immunity, AC +3, negative energy resistance 1, electricity
resistance, torment resistance 1, petrification resistance
a: no special abilities


You were on level 2 of the Dungeon.
You visited 1 branch of the dungeon, and saw 2 of its levels.

You collected 35 gold pieces.

Inventory:

Armour
 a - a +0 robe (worn)
 k - a +0 tower shield (worn)
Jewellery
 e - a ring of see invisible (left hand)
Scrolls
 c - a scroll of acquirement {unknown}
 d - a scroll of magic mapping {unknown}
 f - a scroll of poison {unknown}
 h - a scroll of summoning {unknown}
 j - 4 scrolls of identify {unknown}
 l - 2 scrolls of teleportation {unknown}
 m - 3 scrolls of blinking {unknown}
Potions
 b - a potion of magic
 g - 2 potions of curing {unknown}
 i - a potion of heal wounds {unknown}
 n - a potion of brilliance {unknown}


   Skills:
 + Level 1.7 Dodging
 + Level 2.4 Stealth
 + Level 0.1 Shields
 + Level 2.4 Spellcasting
 + Level 0.7 Transmutations
 * Level 4.6 Earth Magic


You had 5 spell levels left.
You knew the following spells:

 Your Spells              Type           Power      Damage    Failure   Level
a - Sandblast             Erth           36%        2d10      45%         1

Your spell library contained the following spells:

 Spells                   Type           Power      Damage    Failure   Level
 Passwall                 Tmut/Erth      9%         N/A       86%         2
 Stone Arrow              Conj/Erth      20%        3d8       98%         3
 Petrify                  Tmut/Erth      11%        N/A       100%        4


Dungeon Overview and Level Annotations

Branches:
Dungeon (2/15)

Altars:
Ru

Annotations:
D:2 Sigmund


Innate Abilities, Weirdness & Mutations

You are immune to sickness and miasma.
Your stone body is resilient. (AC +3)
You are immune to poison.
You resist negative energy. (rN+)
You are resistant to electric shocks. (rElec)
You are resistant to unholy torment.
You are immune to petrification.


Message History

You resist with significant effort.
You hit Sigmund but do no damage. Sigmund hits you with a +0 scythe!
You are too injured to fight recklessly!
You are too injured to fight recklessly!
You are too injured to fight recklessly!
You are too injured to fight recklessly!
You are too injured to fight recklessly!
You are too injured to fight recklessly!
You are too injured to fight recklessly!
You are too injured to fight recklessly!
You are too injured to fight recklessly!
You are too injured to fight recklessly!
You are too injured to fight recklessly!
You are too injured to fight recklessly!
You are too injured to fight recklessly!
You completely miss Sigmund. You block Sigmund's attack.
You closely miss Sigmund. You block Sigmund's attack.
You hit Sigmund.
Sigmund is lightly wounded.
You block Sigmund's attack.
You hit Sigmund but do no damage.
Sigmund is lightly wounded.
Sigmund barely misses you.
You closely miss Sigmund.
Sigmund is lightly wounded.
Sigmund hits you with a +0 scythe!
* * * LOW HITPOINT WARNING * * *
You hit Sigmund but do no damage.
Sigmund is lightly wounded.
Sigmund casts a spell at you. You resist with significant effort.
You closely miss Sigmund.
Sigmund is lightly wounded.
You block Sigmund's attack.
You are too injured to fight recklessly!
You are too injured to fight recklessly!
You closely miss Sigmund.
Sigmund is lightly wounded.
Sigmund hits you with a +0 scythe.
You die...

#. #....)...# #.#
#..#####........# #.#
#..†.##........#########.#######
####......##....................
#.....)).############.#######
##.._..##.## #.# #..
#..........#### #.# #.#
#.............# #.# #.#
#..........##@# #.#####.#
##.........##.@# #.#.....#
#.........###... #.#.#####
########### ##... #.#.# ##...
#.# #$ #.##### #...... #######


You could see Sigmund (invisible).

Vanquished Creatures
  An adder (D:2)
  2 dart slugs (D:1)
  A bat (D:2)
  2 endoplasms (D:2)
  A giant cockroach (D:1)
  3 goblins
  5 hobgoblins
  2 quokkas
  3 ball pythons (D:1)
  2 frilled lizards (D:2)
  2 kobolds (D:2)
  2 rats
26 creatures vanquished.

Notes
Turn   | Place    | Note
-------+----------+-------------------------------------------
     0 | D:1      | Setbun the Gargoyle Earth Elementalist began the quest for
                  | the Orb.
     0 | D:1      | Reached XP level 1. HP: 10/10 MP: 3/3
   145 | D:1      | Reached skill level 4 in Earth Magic
   308 | D:1      | Found a faded altar of an unknown god.
   374 | D:1      | Reached XP level 2. HP: 15/15 MP: 1/5
  1110 | D:2      | Reached XP level 3. HP: 14/19 MP: 1/6
  1228 | D:2      | Found a sacrificial altar of Ru.
  1390 | D:2      | Noticed Sigmund
  1407 | D:2      | Slain by Sigmund

Illustrated notes

Levels and vault maps discovered:
D:1:      dpeg_arrival_water_temple_mockup, layout_basic,
          hellmonk_ecumenical_altar_arch_garden, minmay_misc_feat_alley,
          minmay_misc_feat_plants
D:2:      layout_basic, basic_altar, uniq_sigmund

Skill      XL: |  1 |
---------------+----+-----
Earth Magic    | 4 |  4.6
Dodging        | |  1.7
Stealth        | |  2.4
Shields        | |  0.1
Spellcasting   | |  2.4
Transmutations | |  0.7

Action                   || total
-------------------------++-------
Melee: Unarmed           ||    27
 Cast: Sandblast         ||    38
Armor: Robe              ||     8
Dodge: Dodged            ||    16
Block: Tower shield      ||    14
